← All builds
Geo / Armada / Economy first / OBSERVED BUILD

Standard geo

Armada Geo build order · Supreme Isthmus

Standard Geo economy into T2 constructor and Starlight/Jaguar units sent to front as usual, with support built for teammates along the way.

Usually blows up the commander for T2 (72%)

#eco #t2 #team support · 1331 distinct matches · 235 players · 55% of Armada Geo games · team won 55% of 1552 · Recently observed

HOW TO PLAY IT

Key timing: T2 constructor by 4:55

  1. Open 2 mex and wind, then Bot Lab by 0:35.
  2. Rush geothermal powerplant to fund T2 ahead of other roles.
  3. Get T2 constructor out to start building T2 units.
  4. Add Vehicle Plant and Advanced Geothermal for the T2 push.
  5. Fly first Starlight to front with a transport from Air.

Phase by phase

TYPICAL OF ITS 1331 GAMES
  1. 1
  2. 2
  3. 3
  4. 4
PLAY THE OPENING

Follow the example game's first 6:00 step by step: what to build now, what comes next, and where it goes. At 1× it keeps pace with your own game.

  1. 1

    Up to the Bot Lab

    Economy
    • Metal Extractor3Mex
    • Wind Turbine4Wind
    Order
    1. Bot LabBot Lab after 3 mex, 4 winddone ~1:12, middle half 0:58–1:21

    By 0:55 in all: 3 mex · 4 wind

    The example game in this phase · 3 steps
    1. Mex ×2
    2. Wind ×4
    3. Bot LabBot Labdone 0:58 · typical 1:12
  2. 2

    Bot Lab to 5:00

    Economy
    • Metal Extractor2Mex
    • Wind Turbine3Wind
    • Energy Converter8Converter
    • Energy Storage1Energy storage
    Order
    1. Geothermal PowerplantGeo after 4 mex, 5 wind, 1 energy storage
    2. Bot LabEat Bot Lab
    Builders
    • Construction Turret5 Con turret
    • Lazarus4 Lazarus
    • Construction Bot2 Con bot
    • Construction Bot1 Con bot for allies
    • Lazarus1 Lazarus for allies

    By 5:00 in all: 4 mex · 7 wind · 1 geo · 8 converter · 1 energy storage · 5 con turret

    The example game in this phase · 27 steps
    1. Construction BotCon bot
    2. Construction BotCon botfor Beach sea
    3. Construction BotCon bot
    4. Wind ×3
    5. LazarusLazarus
    6. Wind ×2
    7. LazarusLazarusfor Beach sea
    8. Mex
    9. LazarusLazarus
    10. Energy storage
    11. LazarusLazarus
    12. Con turret
    13. Mex
    14. Con turret ×3
    15. Bot LabEat Bot Labreclaimed for its metal
    16. Geothermal PowerplantGeodone 3:50 · typical 3:29
    17. Converter ×5
    18. SentrySentry
    19. Converter
    20. SentrySentry
    21. Converter
    22. SentrySentry
    23. Mex
    24. Converter ×4
    25. Con turret
    26. Mexfor Front
    27. Metal storage
  3. 3

    5:00 to Vehicle Plant

    Order
    1. Advanced Geothermal PowerplantAdvanced Geothermal Powerplant after 8 wind, 10 converter, 6 con turretin 57% of games
    2. Vehicle PlantVehicle Plant after 9 wind, 10 converter, 6 con turretdone ~7:06, middle half 6:39–7:32

    Some games also: con turret (49%) · converter (49%) · wind (41%)

    By 6:56 in all: 4 mex · 9 wind · 1 geo · 1 Advanced Geothermal Powerplant · 10 converter · 1 energy storage

    The example game in this phase · 8 steps
    1. Con turret
    2. Advanced Metal ExtractorT2 mexdone 5:45 · typical 5:38
    3. Mexfor Front
    4. Advanced Metal ExtractorT2 mex ×3
    5. Advanced Geothermal PowerplantAdvanced Geothermal Powerplantdone 7:13 · typical 7:10
    6. SentrySentry ×2
    7. Con turret
    8. Vehicle PlantVehicle Plantdone 7:19 · typical 7:06
  4. 4

    Vehicle Plant to 10:00

    Economy
    • Wind Turbine5Wind
    • Energy Converter4Converter
    Order
    1. Advanced Vehicle PlantAdvanced Vehicle Plant after 10 wind, 11 converter, 6 con turret
    2. Vehicle PlantEat Vehicle Plant
    Builders
    • Construction Vehicle1 Con vehicle
    • Advanced Construction Vehicle1 T2 con vehicle for allies
    Army
    • Starlight2 Starlight
    • Umbra1 Jammer
    • Prophet1 Radar vehicle

    Some games also: con turret (48%) · Jaguar (36%)

    By 10:00 in all: 4 mex · 18 wind · 1 geo · 1 Advanced Geothermal Powerplant · 16 converter · 1 energy storage

    The example game in this phase · 138 steps
    1. Construction VehicleCon vehiclefor Geo sea
    2. Vehicle PlantEat Vehicle Plantreclaimed for its metal
    3. Advanced Vehicle PlantAdvanced Vehicle Plantdone 7:57 · typical 8:01
    4. ChainsawChainsaw
    5. Converter
    6. StarlightStarlightdone 8:19 · typical 9:03
    7. Con turret
    8. Converter ×4
    9. Advanced Construction VehicleT2 con vehiclefor Front
    10. Converter
    11. UmbraJammer
    12. ProphetRadar vehicle
    13. PrudePrudedone 9:02
    14. StarlightStarlight ×4
    15. Wind ×2
    16. StarlightStarlight
    17. Wind ×3
    18. Bot LabBot Labdone 10:41
    19. TickTick ×8
    20. Wind
    21. TickTick ×2
    22. JaguarJaguar
    23. TickTick
    24. Bot LabBot Labdone 11:06
    25. TickTick
    26. JaguarJaguar
    27. TickTick ×5
    28. JaguarJaguar
    29. TickTick ×3
    30. Wind
    31. TickTick ×2
    32. JaguarJaguar
    33. TickTick ×22
    34. Wind
    35. TickTick ×16
    36. JaguarJaguar
    37. TickTick ×5
    38. JaguarJaguar
    39. TickTick ×3
    40. Wind
    41. TickTick ×2
    42. JaguarJaguar
    43. TickTick ×2
    44. Con turret
    45. TickTick ×4
    46. JaguarJaguar
    47. TickTick ×6
    48. JaguarJaguar
    49. TickTick ×3
    50. Wind
    51. JaguarJaguar
    52. TickTick ×5
    53. ShredderShredderdone 12:30
    54. TickTick ×6
    55. ShredderShredder
    56. TickTick ×4
    57. Wind
    58. TickTick
    59. Wind ×2
    60. TickTick
    61. Wind
    62. TickTick
    63. ShredderShredder
    64. TickTick
    65. Wind
    66. TickTick ×2
    67. Wind
    68. TickTick
    69. Wind
    70. TickTick ×2
    71. ShredderShredder
    72. Wind
    73. TickTick ×3
    74. Wind
    75. TickTick ×4
    76. Wind
    77. TickTick ×3
    78. Wind
    79. TickTick ×6
    80. Wind ×2
    81. TickTick ×5
    82. Wind
    83. TickTick ×2
    84. Wind
    85. TickTick ×6
    86. Wind
    87. TickTick ×3
    88. Wind
    89. TickTick ×4
    90. Wind
    91. TickTick ×4
    92. ShredderShredder
    93. Wind
    94. TickTick ×3
    95. Wind
    96. TickTick ×3
    97. ShredderShredder
    98. TickTick
    99. Wind
    100. TickTick ×3
    101. ShredderShredder
    102. TickTick ×3
    103. Wind
    104. TickTick
    105. Wind
    106. TickTick
    107. ShredderShredder
    108. TickTick ×2
    109. Wind
    110. TickTick ×6
    111. Wind
    112. TickTick ×2
    113. Wind
    114. TickTick ×5
    115. Wind
    116. TickTick ×2
    117. Wind
    118. TickTick ×4
    119. Wind
    120. TickTick ×2
    121. ShredderShredder
    122. TickTick ×4
    123. ShredderShredder
    124. TickTick ×2
    125. Wind
    126. TickTick ×3
    127. StarlightStarlight
    128. TickTick
    129. Wind
    130. TickTick
    131. Wind
    132. TickTick ×2
    133. Wind
    134. TickTick ×6
    135. StarlightStarlight
    136. TickTick ×4
    137. Wind
    138. TickTick

Counts are medians over the build's games: half of them build more, half fewer. The example game is HappyMajo's (30 OS, 23/09/2026); pick another.

Team trades

IN AT LEAST 30% OF ITS GAMES

You hand over

  • Lazarus1 Lazarus to Beach seafirst at 2:17 · in 75% of games
  • Construction Bot1 Con bot to Beach seafirst at 2:27 · in 87% of games
  • Advanced Construction Vehicle1 T2 con vehicle to Suicide front or Frontfirst at 8:48 · in 63% of games

You get

  • Advanced Construction Bot1 T2 con bot from Techfirst at 4:52 · in 94% of games

How it plays out

Typical game of this build, running totals by minute

Metal produced

020k40k
0:005:0010:0015:00

metal

Enemy metal destroyed

05k10k15k
0:005:0010:0015:00

metal

Own metal lost

02k4k6k
0:005:0010:0015:00

metal

1552 games.

Show as table
ByMetal produced: This buildEnemy metal destroyed: This buildOwn metal lost: This build
1:0033300
2:0085900
3:00152700
4:00267100
5:00369400
6:00563800
7:00802300
8:001134500
9:00144074384
10:0017278479200
11:00201201748520
12:002299236211607
13:002573459102971
14:002858382484426
15:0031354102055580
WHAT THE NUMBERS SAY

Standard Geo play wins about half its games while destroying the most enemy metal by 15:00 among the roles shown here.

  • + Enemy metal destroyed jumps to 10560 by 15:00, highest of all six builds.
  • + Starlight makes up 34% of army, delivering the long-range T2 push.
  • − Own metal lost reaches 5977 by 15:00 from the aggressive T2 push.
  • − First Starlight only arrives in 60% of games, a late or inconsistent push.
THE EXAMPLE YOU ARE READING

HappyMajo

30.1 OS · 23/09/2026

Open source match ↗

37 received units · includes a constructor
7872 metal received · 186006 energy received

Allied construction assistance is unknown. Timings are observations, not a promise of solo reproducibility.

Typical milestones

Bot Lab1:12Middle 50%: 0:58–1:21 · n=1551
Geothermal Powerplant3:29Middle 50%: 3:13–3:47 · n=1543
Advanced Metal Extractor5:38Middle 50%: 5:21–6:01 · n=1543
Vehicle Plant7:06Middle 50%: 6:39–7:32 · n=1500
Advanced Geothermal Powerplant7:10Middle 50%: 6:51–7:41 · n=1123
Advanced Vehicle Plant8:01Middle 50%: 7:40–8:33 · n=1435
Starlight9:03Middle 50%: 8:32–9:46 · n=1296

Played most by

0neTw0120games of this buildzeus_on_god118games of this buildXad53games of this buildTheGeneraI46games of this buildViltrum41games of this build